 Dungeon Crawl Stone Soup version 0.17-b1-15-g0f5fb43 (webtiles) character file.

265 Ierbamatei the Vandal (level 6, -3/42 HPs)
             Began as a Halfling Hunter on Nov 3, 2015.
             Slain by a gnoll
             ... wielding a +0 halberd
              (11 damage)
             ... on level 3 of the Dungeon.
             The game lasted 00:08:59 (2234 turns).

Ierbamatei the Vandal (Halfling Hunter)             Turns: 2234, Time: 00:08:59

Health: -3/42      AC:  3    Str: 12    XL:     6   Next: 44%
Magic:  6/6        EV: 16    Int: 10    God:
Gold:   10         SH:  0    Dex: 17    Spells: 0 memorised, 5 levels left

rFire  . . .     SeeInvis .     a - +1 hunting sling
rCold  . . .     Clarity  .     d - +0 leather armour
rNeg   . . .     SustAt   .     (shield restricted)
rPois  .         Gourm    .     (no helmet)
rElec  .         Spirit   .     (no cloak)
rCorr  .         Warding  .     (no gloves)
rMut   .         Stasis   .     (no boots)
MR     .....                    (no amulet)
Stlth  ++........               (no ring)
                                (no ring)

@: slowed, very slow, not resistant to hostile enchantments, unstealthy
A: mutation resistance 1
a: no special abilities


You were on level 3 of the Dungeon.
You were not hungry.

You visited 1 branch of the dungeon, and saw 3 of its levels.

You collected 10 gold pieces.

Inventory:

Hand Weapons
 a - a +1 hunting sling (weapon)
 c - a +0 short sword
Missiles
 i - 9 stones (quivered)
Armour
 d - a +0 leather armour (worn)
Jewellery
 j - an uncursed ring of see invisible {unknown}
Scrolls
 h - a scroll of enchant weapon
Potions
 f - a potion of magic
Comestibles
 e - 2 bread rations
 k - 4 chunks of flesh


   Skills:
 - Level 3.0 Fighting
 + Level 3.1 Short Blades
 - Level 6.0 Slings
 + Level 2.6 Armour
 + Level 3.5 Dodging
 - Level 3.0 Stealth


You had 5 spell levels left.
You didn't know any spells.

Dungeon Overview and Level Annotations

Branches:
Dungeon (3/15)

Altars:
Cheibriados


Innate Abilities, Weirdness & Mutations

You are small and have problems with some larger weapons.
You are somewhat resistant to further mutation.


Message History

Aim: a gnoll, wielding a halberd You shoot a stone.
The stone hits the gnoll.
The gnoll is lightly wounded.
The gnoll hits you from afar with a halberd!
* * * LOW HITPOINT WARNING * * *
The gnoll closely misses you. The gnoll misses you.
The gnoll barely misses you.
Drink which item? (? for menu, Esc to quit)
Okay, then.
Read which item? (? for menu, Esc to quit)
As you read the scroll labeled UTUADE BODALI, it crumbles to dust.
It is a scroll of identify.
Identify which item? (\ to view known items) (? for menu, Esc to quit)
h - a scroll of enchant weapon The gnoll barely misses you. x2
The gnoll completely misses you. The gnoll misses you.
The gnoll hits you from afar with a halberd!
You die...

......... .........
#..# ......... #..#
...###### #..# ...#
#..# ...# #..#
...#### #.#..#
......# #.#..#
......########.#@.#
......'......#.#..#
......######.#.#g.#
...#'#<......#.#..#
.....#.#######.#..#
##.#.#########.#..#
...#...........#..#
####.#######.#.#..#
#....# #.......#..#


You could see a gnoll.

Vanquished Creatures
  A scorpion (D:3)
  4 orc wizards (D:3)
  3 adders
  A gnoll (D:3)
  A shadow imp (D:3)
  A giant gecko (D:3)
  9 orcs (D:3)
  7 bats
  5 goblins
  7 hobgoblins
  2 quokkas (D:3)
  A ball python (D:3)
  3 giant cockroaches
  A giant newt (D:3)
  4 kobolds (D:1)
  3 rats
53 creatures vanquished.

Notes
Turn   | Place    | Note
--------------------------------------------------------------
     0 | D:1      | Ierbamatei the Halfling Hunter began the quest for the Orb.
     0 | D:1      | Reached XP level 1. HP: 14/14 MP: 1/1
    84 | D:1      | Reached XP level 2. HP: 19/19 MP: 2/2
   156 | D:1      | Reached skill level 6 in Slings
   979 | D:2      | Reached skill level 1 in Short Blades
   979 | D:2      | Reached skill level 1 in Armour
   979 | D:2      | Reached XP level 3. HP: 22/24 MP: 3/3
  1015 | D:2      | You fall through a shaft!
  1177 | D:3      | Reached XP level 4. HP: 13/30 MP: 4/4
  1395 | D:3      | Reached XP level 5. HP: 9/35 MP: 5/5
  1884 | D:3      | Noticed a scorpion
  1893 | D:3      | Killed a scorpion
  1893 | D:3      | Reached XP level 6. HP: 39/41 MP: 6/6
  2198 | D:3      | Found a snail-covered altar of Cheibriados.
  2234 | D:3      | Slain by a gnoll

Action                   |  1- 3 |  4- 6 || total
-------------------------+-------+-------++-------
 Fire: Hunting sling     |    85 |    97 ||   182
  Use: Potion            |       |     2 ||     2
       Scroll            |       |     1 ||     1
  Eat: Chunk             |     1 |     3 ||     4
